| TOP OF THE 1ST |
|
Niagara Falls Phantoms batting - Pitching for Chester Pirates : RHP Hitoshi Yoshihara
|
|
Pitching: RHP Hitoshi Yoshihara
|
|
|
Batting: LHB Aaron Joyner
|
0-0: Foul Ball, location: 2F 0-1: Ball 1-1: Ball 2-1: Ball 3-1: Called Strike 3-2: Foul Ball, location: 2F 3-2: Fly out, F6 (Flyball, 56D, EV 80.0 MPH)
|
|
Batting: RHB Devon Utley
|
0-0: Called Strike 0-1: Ball 1-1: Ground out 5-3 (Groundball, 56, EV 90.6 MPH)
|
|
Batting: SHB Edwin Dominguez
|
0-0: Called Strike 0-1: Foul Ball, location: 2F 0-2: Ball 1-2: Strikes out swinging
|
| Top of the 1st over - 0 runs, 0 hits, 0 errors, 0 left on base; Niagara Falls 0 - Chester 0 |
| BOTTOM OF THE 1ST |
|
Chester Pirates batting - Pitching for Niagara Falls Phantoms : RHP Andres Galindo
|
|
Pitching: RHP Andres Galindo
|
|
|
Batting: RHB Brandon White
|
0-0: Called Strike 0-1: Ball 1-1: Swinging Strike 1-2: Strikes out swinging
|
|
Batting: RHB Tim Moore
|
0-0: Ball 1-0: Fly out, F8 (Line Drive, 8RM, EV 93.1 MPH)
|
|
Batting: RHB Zach Chmieleski
|
0-0: Fly out, F7 (Line Drive, 7, EV 83.8 MPH)
|
| Bottom of the 1st over - 0 runs, 0 hits, 0 errors, 0 left on base; Niagara Falls 0 - Chester 0 |
| TOP OF THE 2ND |
|
Niagara Falls Phantoms batting - Pitching for Chester Pirates : RHP Hitoshi Yoshihara
|
|
Batting: SHB Mukhtar Wa'il
|
0-0: SINGLE (Groundball, 4D, EV 100.6 MPH)
|
|
Batting: RHB Nazeeh Zubair
|
0-0: Ball 1-0: Fly out, F8 (Flyball, 8RM, EV 88.8 MPH)
|
|
Batting: RHB Dale Altman
|
0-0: Foul Ball, location: 2F 0-1: Fielders Choice at 2nd, 4-6 (Groundball, 4, EV 89.4 MPH)
|
|
Batting: SHB David Stewart
|
0-0: Called Strike 0-1: Ball 1-1: Ball 2-1: Foul Ball, location: 2F 2-2: Foul Ball, location: 2F 2-2: Ball 3-2: Fly out, F7 (Line Drive, 7, EV 103.8 MPH)
|
| Top of the 2nd over - 0 runs, 1 hit, 0 errors, 1 left on base; Niagara Falls 0 - Chester 0 |
| BOTTOM OF THE 2ND |
|
Chester Pirates batting - Pitching for Niagara Falls Phantoms : RHP Andres Galindo
|
|
Batting: LHB Carlos Vega
|
0-0: Called Strike 0-1: Ball 1-1: Foul Ball, location: 2F 1-2: Strikes out looking
|
|
Batting: RHB Jeff Edwards
|
0-0: Called Strike 0-1: Ball 1-1: Fly out, F9 (Flyball, 89D, EV 88.1 MPH)
|
|
Batting: LHB Dustin Herman
|
0-0: Ball 1-0: Called Strike 1-1: Ball 2-1: Foul Ball, location: 2F 2-2: Strikes out swinging
|
| Bottom of the 2nd over - 0 runs, 0 hits, 0 errors, 0 left on base; Niagara Falls 0 - Chester 0 |
| TOP OF THE 3RD |
|
Niagara Falls Phantoms batting - Pitching for Chester Pirates : RHP Hitoshi Yoshihara
|
|
Batting: RHB John Sprenkel
|
0-0: Ball 1-0: Foul Ball, location: 2F 1-1: Ball 2-1: Ball 3-1: Base on Balls
|
|
Batting: RHB Christian Shearer
|
0-0: Ball 1-0: Called Strike 1-1: Ball 2-1: Fly out, F9 (Flyball, 9S, EV 91.9 MPH)
|
|
Batting: LHB Aaron Joyner
|
0-0: Ball 1-0: Ball 2-0: Ball 3-0: Called Strike 3-1: Base on Balls John Sprenkel to second
|
|
Batting: RHB Devon Utley
|
0-0: Ball 1-0: Ball 2-0: Called Strike 2-1: Swinging Strike 2-2: Foul Ball, location: 2F 2-2: Strikes out swinging
|
|
Batting: SHB Edwin Dominguez
|
0-0: Foul Ball, location: 2F 0-1: Ground out U3 (Groundball, 3S, EV 65.6 MPH)
|
| Top of the 3rd over - 0 runs, 0 hits, 0 errors, 2 left on base; Niagara Falls 0 - Chester 0 |
| BOTTOM OF THE 3RD |
|
Chester Pirates batting - Pitching for Niagara Falls Phantoms : RHP Andres Galindo
|
|
Batting: RHB Frank Elizondo
|
0-0: Ball 1-0: Ball 2-0: Ball 3-0: Called Strike 3-1: Called Strike 3-2: Strikes out looking
|
|
Batting: RHB Erik Mulligan
|
0-0: Called Strike 0-1: Ball 1-1: Ball 2-1: Ball 3-1: Foul Ball, location: 2F 3-2: Foul Ball, location: 2F 3-2: Foul Ball, location: 2F 3-2: Strikes out swinging
|
|
Batting: LHB Chad Cutler
|
0-0: Called Strike 0-1: Reached on error, E1 (Groundball, 25, EV 68.8 MPH)
|
|
Batting: RHB Brandon White
|
0-0: Called Strike 0-1: Ground out 6-3 (Groundball, 6, EV 87.5 MPH)
|
| Bottom of the 3rd over - 0 runs, 0 hits, 1 error, 1 left on base; Niagara Falls 0 - Chester 0 |
| TOP OF THE 4TH |
|
Niagara Falls Phantoms batting - Pitching for Chester Pirates : RHP Hitoshi Yoshihara
|
|
Batting: SHB Mukhtar Wa'il
|
0-0: Fly out, F7 (Flyball, 7S, EV 72.5 MPH)
|
|
Batting: RHB Nazeeh Zubair
|
0-0: Ball 1-0: SINGLE (Line Drive, 8LS, EV 92.5 MPH)
|
|
Batting: RHB Dale Altman
|
0-0: Swinging Strike 0-1: Ball 1-1: SINGLE (Flyball, 3D, EV 95.6 MPH) Nazeeh Zubair to second
|
|
Batting: SHB David Stewart
|
0-0: Ball 1-0: Foul Ball, location: 2F 1-1: 3-RUN HOME RUN (Flyball, 9D, EV 105.0 MPH), Distance : 402 ft
|
|
Batting: RHB John Sprenkel
|
0-0: Called Strike 0-1: Ball 1-1: Ball 2-1: Foul Ball, location: 2F 2-2: Ground out 5-3 (Groundball, 56S, EV 83.1 MPH)
|
|
Batting: RHB Christian Shearer
|
0-0: Called Strike 0-1: Foul Ball, location: 2F 0-2: Foul Ball, location: 2F 0-2: Fly out, F2 (Popup, 15S, EV 83.8 MPH)
|
| Top of the 4th over - 3 runs, 3 hits, 0 errors, 0 left on base; Niagara Falls 3 - Chester 0 |
| BOTTOM OF THE 4TH |
|
Chester Pirates batting - Pitching for Niagara Falls Phantoms : RHP Andres Galindo
|
|
Batting: RHB Tim Moore
|
0-0: Ground out 6-3 (Groundball, 6S, EV 93.1 MPH)
|
|
Batting: RHB Zach Chmieleski
|
0-0: Called Strike 0-1: Foul Ball, location: 2F 0-2: Ball 1-2: Fly out, F4 (Popup, 13, EV 71.9 MPH)
|
|
Batting: LHB Carlos Vega
|
0-0: Ball 1-0: Ball 2-0: Ball 3-0: Base on Balls
|
|
Batting: RHB Jeff Edwards
|
0-0: Ball 1-0: Foul Ball, location: 2F 1-1: Ball 2-1: Ball 3-1: Swinging Strike 3-2: Base on Balls Carlos Vega to second
|
|
Batting: LHB Dustin Herman
|
0-0: Called Strike 0-1: Foul Ball, location: 2F 0-2: Ball 1-2: Strikes out swinging
|
| Bottom of the 4th over - 0 runs, 0 hits, 0 errors, 2 left on base; Niagara Falls 3 - Chester 0 |
| TOP OF THE 5TH |
|
Niagara Falls Phantoms batting - Pitching for Chester Pirates : RHP Hitoshi Yoshihara
|
|
Batting: LHB Aaron Joyner
|
0-0: Ball 1-0: Ball 2-0: Swinging Strike 2-1: Called Strike 2-2: DOUBLE (Line Drive, 78XD, EV 100.0 MPH)
|
|
Batting: RHB Devon Utley
|
0-0: Called Strike 0-1: Ball 1-1: Foul Ball, location: 2F 1-2: Ball 2-2: SINGLE (Groundball, 4MS, EV 65.6 MPH) (infield hit) Aaron Joyner to third
|
|
Batting: SHB Edwin Dominguez
|
0-0: Ball 1-0: Foul Ball, location: 2F 1-1: Ball 2-1: Fly out, F8 (Flyball, 78XD, EV 96.3 MPH) Runner from 3rd tags up, SCORES, no throw by CF
|
|
Batting: SHB Mukhtar Wa'il
|
0-0: Called Strike 0-1: Called Strike 0-2: Ball 1-2: Strikes out looking
|
|
Batting: RHB Nazeeh Zubair
|
0-0: Ball 1-0: Ball 2-0: Ball 3-0: Called Strike 3-1: Base on Balls Devon Utley to second
|
|
Batting: RHB Dale Altman
|
0-0: Ball 1-0: Fielders Choice at 2nd, 6-4 (Groundball, 6, EV 84.4 MPH)
|
| Top of the 5th over - 1 run, 2 hits, 0 errors, 2 left on base; Niagara Falls 4 - Chester 0 |
| BOTTOM OF THE 5TH |
|
Chester Pirates batting - Pitching for Niagara Falls Phantoms : RHP Andres Galindo
|
|
Batting: RHB Frank Elizondo
|
0-0: Foul Ball, location: 2F 0-1: Called Strike 0-2: Strikes out swinging
|
|
Batting: RHB Erik Mulligan
|
0-0: SINGLE (Flyball, 9S, EV 84.4 MPH)
|
|
Batting: LHB Chad Cutler
|
0-0: Ball 1-0: Foul Ball, location: 2F 1-1: Called Strike 1-2: Foul Ball, location: 2F 1-2: Strikes out swinging
|
|
Batting: RHB Brandon White
|
0-0: Called Strike 0-1: Ball 1-1: Foul Ball, location: 2F 1-2: Strikes out swinging
|
| Bottom of the 5th over - 0 runs, 1 hit, 0 errors, 1 left on base; Niagara Falls 4 - Chester 0 |
| TOP OF THE 6TH |
|
Niagara Falls Phantoms batting - Pitching for Chester Pirates : RHP Hitoshi Yoshihara
|
|
Batting: SHB David Stewart
|
0-0: Swinging Strike 0-1: Foul Ball, location: 2F 0-2: Ball 1-2: SOLO HOME RUN (Flyball, 89XD, EV 108.1 MPH), Distance : 433 ft
|
|
Pitching: LHP Juan Villegas
|
|
|
Batting: RHB John Sprenkel
|
0-0: Ball 1-0: Called Strike 1-1: Ball 2-1: Ball 3-1: Foul Ball, location: 2F 3-2: SINGLE (Groundball, 56, EV 97.5 MPH)
|
|
Batting: RHB Christian Shearer
|
0-0: Ball 1-0: Ball 2-0: Called Strike 2-1: Ball 3-1: Swinging Strike 3-2: Strikes out swinging
|
|
Batting: LHB Aaron Joyner
|
0-0: Called Strike 0-1: Swinging Strike 0-2: Ball 1-2: Strikes out swinging John Sprenkel steals 2nd base Batter strikes out.
|
|
Batting: RHB Devon Utley
|
0-0: Foul Ball, location: 2F 0-1: Ball 1-1: Ground out 6-3 (Groundball, 6, EV 103.1 MPH)
|
| Top of the 6th over - 1 run, 2 hits, 0 errors, 1 left on base; Niagara Falls 5 - Chester 0 |
| BOTTOM OF THE 6TH |
|
Chester Pirates batting - Pitching for Niagara Falls Phantoms : RHP Andres Galindo
|
|
Batting: RHB Tim Moore
|
0-0: Ball 1-0: Ball 2-0: Fly out, F4 (Flyball, 34D, EV 87.5 MPH)
|
|
Batting: RHB Zach Chmieleski
|
0-0: Fly out, F9 (Flyball, 89D, EV 77.5 MPH)
|
|
Batting: LHB Carlos Vega
|
0-0: Called Strike 0-1: Foul Ball, location: 2F 0-2: Fly out, F7 (Flyball, 78M, EV 86.3 MPH)
|
| Bottom of the 6th over - 0 runs, 0 hits, 0 errors, 0 left on base; Niagara Falls 5 - Chester 0 |
| TOP OF THE 7TH |
|
Niagara Falls Phantoms batting - Pitching for Chester Pirates : LHP Juan Villegas
|
|
Batting: SHB Edwin Dominguez
|
0-0: Called Strike 0-1: Ball 1-1: Ball 2-1: SINGLE (Groundball, 34D, EV 93.8 MPH)
|
|
Batting: SHB Mukhtar Wa'il
|
0-0: Ball 1-0: Ball 2-0: Ball 3-0: Called Strike 3-1: Fly out, F9 (Line Drive, 9, EV 86.3 MPH)
|
|
Batting: RHB Nazeeh Zubair
|
0-0: Called Strike 0-1: Ball 1-1: Called Strike 1-2: Ball 2-2: Ball 3-2: Strikes out swinging
|
|
Pitching: RHP Kyle Davis
|
|
|
Batting: RHB Dale Altman
|
0-0: Foul Ball, location: 2F 0-1: Called Strike 0-2: Ball 1-2: Ground out 3-1 (Groundball, 34S, EV 86.9 MPH)
|
| Top of the 7th over - 0 runs, 1 hit, 0 errors, 1 left on base; Niagara Falls 5 - Chester 0 |
| BOTTOM OF THE 7TH |
|
Chester Pirates batting - Pitching for Niagara Falls Phantoms : RHP Andres Galindo
|
|
Batting: RHB Jeff Edwards
|
0-0: Called Strike 0-1: Hit by Pitch
|
|
Batting: LHB Dustin Herman
|
0-0: Foul Ball, location: 2F 0-1: Swinging Strike 0-2: Foul Ball, location: 2F 0-2: Strikes out swinging
|
|
Pitching: LHP Matt Cusatis
|
|
|
Batting: RHB Frank Elizondo
|
0-0: Ball 1-0: Called Strike 1-1: Foul Ball, location: 2F 1-2: Grounds into double play, 3-6-1 (Groundball, 3, EV 85.0 MPH)
|
| Bottom of the 7th over - 0 runs, 0 hits, 0 errors, 0 left on base; Niagara Falls 5 - Chester 0 |
| TOP OF THE 8TH |
|
Niagara Falls Phantoms batting - Pitching for Chester Pirates : RHP Kyle Davis
|
|
Batting: SHB David Stewart
|
0-0: Ball 1-0: Ball 2-0: Swinging Strike 2-1: Ball 3-1: Fly out, F9 (Flyball, 89M, EV 85.0 MPH)
|
|
Batting: RHB John Sprenkel
|
0-0: SINGLE (Groundball, 6MD, EV 99.4 MPH)
|
|
Batting: RHB Christian Shearer
|
0-0: Ball 1-0: Ball 2-0: Foul Ball, location: 2F 2-1: Ball 3-1: Swinging Strike 3-2: Strikes out swinging John Sprenkel is caught stealing 2nd base 2-4 Batter strikes out.
|
| Top of the 8th over - 0 runs, 1 hit, 0 errors, 0 left on base; Niagara Falls 5 - Chester 0 |
| BOTTOM OF THE 8TH |
|
Chester Pirates batting - Pitching for Niagara Falls Phantoms : LHP Matt Cusatis
|
|
Batting: RHB Erik Mulligan
|
0-0: Called Strike 0-1: Ground out 5-3 (Groundball, 5, EV 81.3 MPH)
|
|
Batting: LHB Chad Cutler
|
0-0: Swinging Strike 0-1: Foul Ball, location: 2F 0-2: Foul Ball, location: 2F 0-2: Ball 1-2: Strikes out swinging
|
|
Batting: RHB Brandon White
|
0-0: Ground out 6-3 (Groundball, 6, EV 78.8 MPH)
|
| Bottom of the 8th over - 0 runs, 0 hits, 0 errors, 0 left on base; Niagara Falls 5 - Chester 0 |
| TOP OF THE 9TH |
|
Niagara Falls Phantoms batting - Pitching for Chester Pirates : RHP Kyle Davis
|
|
Batting: LHB Aaron Joyner
|
0-0: Called Strike 0-1: Ball 1-1: Foul Ball, location: 2F 1-2: Foul Ball, location: 2F 1-2: Ball 2-2: Ball 3-2: Foul Ball, location: 2F 3-2: Strikes out swinging
|
|
Batting: RHB Devon Utley
|
0-0: Foul Ball, location: 2F 0-1: Ball 1-1: Swinging Strike 1-2: Strikes out looking
|
|
Batting: SHB Edwin Dominguez
|
0-0: Foul Ball, location: 2F 0-1: Swinging Strike 0-2: Ball 1-2: Ball 2-2: Ball 3-2: Foul Ball, location: 2F 3-2: Fly out, F7 (Flyball, 7LS, EV 89.4 MPH)
|
| Top of the 9th over - 0 runs, 0 hits, 0 errors, 0 left on base; Niagara Falls 5 - Chester 0 |
| BOTTOM OF THE 9TH |
|
Chester Pirates batting - Pitching for Niagara Falls Phantoms : LHP Matt Cusatis
|
|
Batting: RHB Tim Moore
|
0-0: Ball 1-0: DOUBLE (Flyball, 89XD, EV 108.8 MPH)
|
|
Batting: RHB Zach Chmieleski
|
0-0: Called Strike 0-1: SINGLE (Groundball, 4MD, EV 101.9 MPH) Tim Moore to third
|
|
Batting: LHB Carlos Vega
|
0-0: Ball 1-0: Ball 2-0: Called Strike 2-1: Swinging Strike 2-2: Ball 3-2: Fly out, F7 (Line Drive, 7S, EV 100.6 MPH)
|
|
Batting: RHB Jeff Edwards
|
0-0: SINGLE (Groundball, 56D, EV 94.4 MPH) Tim Moore scores Zach Chmieleski to second
|
|
Pitching: RHP Mark Stafford
|
|
|
Batting: LHB Dustin Herman
|
0-0: Foul Ball, location: 2F 0-1: Ball 1-1: DOUBLE (Line Drive, 9LM, EV 90.6 MPH) Zach Chmieleski scores Jeff Edwards to third
|
|
Pinch Hitting: SHB Don Hauk
|
0-0: Ball 1-0: Ball 2-0: Called Strike 2-1: Foul Ball, location: 2F 2-2: Fly out, F5 (Popup, 5S, EV 89.4 MPH)
|
|
Pinch Hitting: RHB Dan Kurtz
|
0-0: Ball 1-0: Foul Ball, location: 2F 1-1: Ball 2-1: SINGLE (Groundball, 6MD, EV 104.4 MPH) Jeff Edwards scores Dustin Herman to third
|
|
Batting: LHB Chad Cutler
|
0-0: Ball 1-0: Foul Ball, location: 2F 1-1: Swinging Strike 1-2: Foul Ball, location: 2F 1-2: Strikes out looking
|
| Bottom of the 9th over - 3 runs, 5 hits, 0 errors, 2 left on base; Niagara Falls 5 - Chester 3 |
|